 Dungeon Crawl Stone Soup version 0.25-a0-803-g58bd18402a (webtiles) character file.

Game seed: 4340176035828853430, levelgen mode: deterministic

0 Fukker the Poker (level 1, 12/13 HPs)
             Began as a Demonspawn Wanderer on Apr 19, 2020.
             Quit the game on level 1 of the Dungeon.
             The game lasted 00:00:50 (72 turns).

Fukker the Poker (Demonspawn Wanderer)                Turns: 72, Time: 00:00:51

Health: 12/13      AC:  2    Str: 13    XL:     1   Next: 8%
Magic:  2/3        EV: 11    Int: 12    God:
Gold:   40         SH:  0    Dex: 12    Spells: 3/4 levels left

rFire    . . .     SeeInvis .   a - +0 club
rCold    . . .     Gourm    .   (no shield)
rNeg     . . .     Faith    .   d - +0 robe
rPois    .         Spirit   .   (no helmet)
rElec    .         Reflect  .   (no cloak)
rCorr    .         Harm     .   (no gloves)
MR       .....                  (no boots)
Stlth    ++........             (no amulet)
HPRegen  0.04/turn              (no ring)
MPRegen  0.08/turn              (no ring)

@: no status effects
A: no striking features
a: no special abilities


You were on level 1 of the Dungeon.
You were not hungry.

You visited 1 branch of the dungeon, and saw 1 of its levels.

You collected 40 gold pieces.

Inventory:

Hand Weapons
 a - a +0 club (weapon)
Missiles
 e - 9 sling bullets
Armour
 d - a +0 robe (worn)
Wands
 c - a wand of random effects (15)
Scrolls
 b - a scroll of teleportation
 g - a scroll of enchant armour {unknown}
Comestibles
 f - a ration


   Skills:
   Level 2.6 Polearms
 - Level 1.0 Dodging
 - Level 1.0 Stealth
   Level 1.0 Shields
 - Level 2.0 Spellcasting
   Level 1.0 Transmutations
 + Level 1.0 Evocations


You had 3 spell levels left.
You knew the following spells:

 Your Spells              Type           Power        Failure   Level  Hunger
a - Magic Dart            Conj           #...         26%         1    ##.....

Your spell library contained the following spells:

 Spells                   Type           Power        Failure   Level  Hunger
 Blink                    Tloc           N/A          38%         2    ###....
 Call Imp                 Summ           #.......     38%         2    ###....
 Slow                     Hex            #.......     38%         2    ###....
 Conjure Flame            Conj/Fire      #.......     63%         3    ####...
 Mephitic Cloud           Conj/Pois/Air  #.......     63%         3    ####...


Dungeon Overview and Level Annotations

Branches:
Dungeon (1/15)

Altars:


Message History

Press: ? - help, Shift-Dir - straight line, f/p - bat
Aim: a bat (moderately wounded)
The magic dart hits the bat.
The bat is severely wounded.
The bat hits you but does no damage.
You closely miss the bat.
The bat is moderately wounded.
The bat hits you. The bat misses you.
You hit the bat.
You kill the bat!
No target in view!
g - a scroll labeled PECVAPLE ATU You now have 40 gold pieces (gained 18).
You open the door.
There is an open door here.
You open the door.
Found a stone staircase leading down.
There is an open door here.
Are you sure you want to abandon this character and quit the game? (Confirm with "yes".)

.# ##### ####.#
#...#####.##.#
#...#.....##.#
#...#.###.##.#
#...#.# #....#
.#######...#.###...†#
>......@...'..##....#
.#######...#...#....#
## ##.##.#.#.##.###.
#.##...#.##.##..
#.####.#.##.#... #.#
.#.##.#... ...
...##.#... ...
....##.#..# .##
....##.##.#


There were no monsters in sight!

Vanquished Creatures
  A bat (D:1)
1 creature vanquished.

Notes
Turn   | Place    | Note
-------+----------+-------------------------------------------
     0 | D:1      | Fukker the Demonspawn Wanderer began the quest for the Orb.
     0 | D:1      | Fukker set off with the following items: a +0 club, a
                  | scroll of teleportation, a wand of random effects (15), a
                  | +0 robe, a ration; and the following spell memorised: Magic
                  | Dart; and the following spells available to memorise:
                  | Blink, Call Imp, Slow, Conjure Flame, Mephitic Cloud
     0 | D:1      | Reached XP level 1. HP: 13/13 MP: 3/3
    72 | D:1      | Quit the game

Levels and vault maps discovered:
D:1:      minmay_arrival_loop, layout_basic

Action                   || total
-------------------------++-------
Melee: Club              ||     2
 Cast: Magic Dart        ||     3
Armor: Robe              ||     1
Dodge: Dodged            ||     1

Table legend:
 A = Non-vault XP
 B = Vault XP
 C = Vault XP percentage of total XP
 D = Non-vault monster count
 E = Vault monster count
 F = Vault count percentage of total count
                 A         B        C        D         E       F
            +---------+---------+-------+---------+---------+-------
      Total |       1 |       0 |   0.0 |       1 |       0 |   0.0
            +---------+---------+-------+---------+---------+-------
        D:1 |       1 |       0 |   0.0 |       1 |       0 |   0.0
            +---------+---------+-------+---------+---------+-------
